 Dungeon Crawl Stone Soup version 0.29.0-4-gdea44cf6ec (webtiles) character file.

Game seed: 12113427398687718419

8460 qw the Cleaver (level 11, -12/67 HPs)
             Began as a Tengu Warper on Aug 28, 2022.
             Was an Elder of Okawaru.
             Killed from afar by an oklob plant (28 damage)
             ... with a splash of acid
             ... on level 10 of the Dungeon.
             The game lasted 00:01:09 (12334 turns).

qw the Cleaver (Tengu Warper)                      Turns: 12334, Time: 00:01:10

Health: -12/67     AC: 19    Str: 16    XL:     11   Next: 31%
Magic:  15/15      EV: 10    Int: 13    God:    Okawaru [****..]
Gold:   686        SH:  0    Dex: 14    Spells: 14/14 levels left

rFire   . . .      SeeInvis +   q - +6 hand axe (flame)
rCold   + . .      Faith    .   (no shield)
rNeg    . . .      Spirit   .   g - +0 plate armour
rPois   .          Reflect  .   (helmet restricted)
rElec   .          Harm     .   m - +0 cloak
rCorr   .          Rampage  .   b - +1 pair of gloves
Will    .....                   (boots unavailable)
Stlth   ..........              (no amulet)
HPRegen 0.21/turn               e - ring of see invisible
MPRegen 0.14/turn               f - ring of protection from cold

@: heroic, flying quickly and evasively, quick
A: beak, talons 3, nimble flight
a: Renounce Religion, Heroism, Finesse


You were on level 10 of the Dungeon.
You worshipped Okawaru.
Okawaru was greatly pleased with you.
You visited 2 branches of the dungeon, and saw 11 of its levels.

You collected 738 gold pieces.
You spent 52 gold pieces at shops.


Innate Abilities, Weirdness & Mutations

You have a beak for a mouth.
You have claws for feet.
Your magical nature lets you fly swiftly and evasively.


   Skills:
 - Level 7.0(12.0) Fighting
 - Level 14.1(19.1) Axes
 - Level 1.0(6.0) Throwing
 + Level 7.6(12.6) Armour
 - Level 4.0(9.0) Dodging
 - Level 2.0 Spellcasting
 - Level 2.4 Translocations
 + Level 4.8 Invocations


You had 14 spell levels left.
You didn't know any spells.
Your spell library contained the following spells:

 Spells                   Type           Power      Damage    Failure   Level
 Blink                    Tloc           14%        N/A       98%         2
 Gell's Gravitas          Tloc           7%         N/A       100%        3
 Lesser Beckoning         Tloc           7%         N/A       100%        3
 Teleport Other           Tloc           7%         N/A       100%        3
 Manifold Assault         Tloc           7%         N/A       100%        5

Inventory:

Hand Weapons
 q - a +6 hand axe of flaming (weapon)
Missiles
 o - 6 boomerangs (quivered)
Armour
 b - a +1 pair of gloves (worn)
 d - +0 fire dragon scales
 g - a +0 plate armour (worn)
 m - a +0 cloak (worn)
Jewellery
 a - a ring of fire
 e - a ring of see invisible (left hand)
 f - a ring of protection from cold (right hand)
 t - a ring of positive energy
 Y - a +6 ring of dexterity
Scrolls
 l - 3 scrolls of identify
Potions
 c - 9 potions of curing
 h - a potion of mutation {unknown}
 i - a potion of might {unknown}
 j - a potion of magic
 k - a potion of cancellation
 n - a potion of flight {unknown}
 p - a potion of resistance
 r - a potion of berserk rage {unknown}

Dungeon Overview and Level Annotations

Branches:
Dungeon (10/15)            Temple (1/1) D:5            Lair (0/5) D:10
    Orc: D:9-12

Altars:
Ashenzari
Cheibriados
Dithmenos
Elyvilon
Fedhas
Gozag
Hepliaklqana
Kikubaaqudgha
Makhleb
Nemelex Xobeh
Okawaru
Qazlal
Ru
Sif Muna
Trog
Uskayaw
Vehumet
Wu Jian
Xom
Yredelemnul
Zin
The Shining One

Shops:
D:2 ?

Annotations:
D:5 1 runed translucent door, Crazy Yiuf


Message History

You hit the oklob plant but do no damage.
You claw the oklob plant, but do no damage.
The oklob plant is severely damaged.
You hit the oklob plant. You burn the oklob plant.
You claw the oklob plant, but do no damage.
You peck the oklob plant, but do no damage.
The oklob plant is severely damaged.
You hit the oklob plant but do no damage.
You peck the oklob plant, but do no damage.
The oklob plant is severely damaged.
You slash the oklob plant! You burn the oklob plant.
You claw the oklob plant, but do no damage.
The oklob plant is almost destroyed.
You hit the oklob plant. You burn the oklob plant.
You destroy the oklob plant!
Okawaru is honoured by your kill.
You hit the oklob plant but do no damage.
You claw the oklob plant, but do no damage.
You peck the oklob plant, but do no damage.
You hit the plant.
The plant begins to die.
You burn the plant. You hit the plant but do no damage.
The oklob plant spits acid at you. The splash of acid hits you!
The acid corrodes you!
12332 ||| DRINKING 2 potions of cancellation.
Your magical effects are unravelling.
You feel magically purged.
You are no longer corroded.
You slash the oklob plant! You burn the oklob plant.
You claw the oklob plant, but do no damage.
You peck the oklob plant, but do no damage.
The oklob plant is lightly damaged.
You slash the plant!
The plant begins to die.
You burn the plant. You slash the plant! You burn the plant.
You slash the oklob plant! You burn the oklob plant.
You claw the oklob plant, but do no damage.
The oklob plant is heavily damaged.
You hit the plant but do no damage. You hit the plant. You burn the plant.
The oklob plant spits acid at you. The splash of acid hits you!!
You die...

##########
#####..$.....##
#.............#
#....###....#.########
#...~...#.[.........
#..#...#..#.......###
#@..##.#.#####.#
#..PPPPP..#.# #.#
#~.PP>P..~#.# #.#
#...PPPP..#.# #.#
#.##PP.##.#.# #.# #.
#...# .#.# #.# . ..~..
. #.### #. .###..
.#####.... ...........


You could see an oklob plant.

Vanquished Creatures
  Erica (D:8)
  A two-headed ogre (D:9)
  An oklob plant (D:10)
  A gargoyle (D:10)
  An unseen horror (D:10)
  Maggie (D:10)
  A troll (D:9)
  A hornet (D:9)
  Sigmund (D:3)
  A wraith (D:9)
  Grum (D:10)
  6 yaks
  3 water moccasins
  A sky beast (D:6)
  An orc warrior (D:8)
  4 ice beasts
  2 black bears
  2 ogres
  4 wolves (D:10)
  4 centaurs
  2 phantoms (D:5)
  2 kobold brigands
  4 bullfrogs
  2 necrophages
  5 scorpions (D:5)
  5 wights (D:9)
  11 killer bees
  2 howler monkeys
  3 jellies
  3 orc priests
  A gnoll bouda (D:7)
  A hound (D:5)
  3 iguanas
  8 orc wizards
  4 gnolls (D:7)
  8 adders
  A shadow imp (D:7)
  2 white imps
  An ufetubus (D:7)
  2 worms
  4 dart slugs
  20 orcs
  4 bats
  6 endoplasms
  2 giant cockroaches (D:1)
  5 goblins
  7 hobgoblins
  16 jackals
  13 kobolds
  5 quokkas
  11 ball pythons
  8 frilled lizards
  13 rats
222 creatures vanquished.

Vanquished Creatures (others)
  A plant (D:10)
1 creature vanquished.

Grand Total: 223 creatures vanquished

Notes
Turn   | Place    | Note
-------+----------+-------------------------------------------
     0 | D:1      | qw the Tengu Warper began the quest for the Orb.
     0 | D:1      | Reached XP level 1. HP: 12/12 MP: 4/4
     0 | D:1      | 0 ||| qw: Version: 0.1-a-89-g26bdef1
     0 | D:1      | 0 ||| qw: Game counter: 1168
     0 | D:1      | 0 ||| qw: Always use a shield: true
     0 | D:1      | 0 ||| qw: God list: Okawaru
     0 | D:1      | 0 ||| qw: Allow faded altars: false
     0 | D:1      | 0 ||| qw: Do Orc after D:15 true
     0 | D:1      | 0 ||| qw: Do second Lair branch before Depths: true
     0 | D:1      | 0 ||| qw: Lair rune preference: random
     0 | D:1      | 0 ||| qw: Plans: Normal
     0 | D:1      | 0 ||| PLANNING D:1-11
   210 | D:1      | Reached XP level 2. HP: 17/17 MP: 6/6
   211 | D:1      | Reached skill level 3 in Axes
   830 | D:1      | Reached XP level 3. HP: 21/21 MP: 7/7
   935 | D:1      | 935 ||| Stepping ~*~*~tactically~*~*~ (stealth).
  1228 | D:1      | Reached skill level 4 in Axes
  1311 | D:1      | 1311 ||| DROPPING +0 club.
  1396 | D:1      | 1396 ||| UPGRADING to +0 plate armour.
  1406 | D:1      | 1406 ||| DROPPING +0 leather armour.
  1407 | D:1      | 1407 ||| READING 2 scrolls labelled DUTUKHLANIA.
  1408 | D:1      | 1408 ||| READING scroll of enchant weapon.
  1408 | D:1      | 1408 ||| ENCHANTING +1 hand axe.
  1409 | D:1      | 1409 ||| READING scroll labelled ROS BUEDEN.
  1410 | D:1      | 1410 ||| DRINKING 2 puce potions.
  1411 | D:1      | 1411 ||| DROPPING scroll of blinking.
  1412 | D:1      | 1412 ||| DROPPING potion of attraction.
  1571 | D:2      | 1571 ||| Stepping ~*~*~tactically~*~*~ (stealth).
  1618 | D:2      | 1618 ||| Stepping ~*~*~tactically~*~*~ (stealth).
  1620 | D:2      | 1620 ||| Stepping ~*~*~tactically~*~*~ (stealth).
  1862 | D:2      | Found a faded altar of an unknown god.
  1921 | D:2      | Found Gosm's Magic Scroll Shop.
  1929 | D:2      | 1929 ||| SHOPLISTING scroll of enchant armour (97 gold,
                  | have 72).
  1929 | D:2      | 1929 ||| BUYING scroll of identify (26 gold).
  1929 | D:2      | Bought a scroll of identify for 26 gold pieces
  1929 | D:2      | 1929 ||| BUYING scroll of identify (26 gold).
  1929 | D:2      | Bought a scroll of identify for 26 gold pieces
  1929 | D:2      | 1929 ||| SHOPLISTING scroll of identify (26 gold, have 20).
  1929 | D:2      | 1929 ||| SHOPLISTING scroll of teleportation (39 gold, have
                  | 20).
  2170 | D:2      | Reached XP level 4. HP: 15/26 MP: 8/8
  2352 | D:2      | 2352 ||| UPGRADING to +1 pair of gloves.
  2357 | D:2      | 2357 ||| READING scroll labelled NASIDI NOEJIEMP.
  2360 | D:2      | 2360 ||| READING scroll labelled BIULAXE OPIPOL.
  2361 | D:2      | 2361 ||| READING 2 scrolls of identify.
  2361 | D:2      | 2361 ||| IDENTIFYING green potion
  2378 | D:3      | 2378 ||| STAIRDANCE
  2418 | D:3      | 2418 ||| STAIRDANCE
  2622 | D:3      | Noticed Sigmund
  2623 | D:3      | 2623 ||| Stepping ~*~*~tactically~*~*~ (hiding).
  2636 | D:3      | Killed Sigmund
  2637 | D:3      | Reached skill level 6 in Axes
  2637 | D:3      | Gained mutation: Your magical nature lets you fly swiftly
                  | and evasively. [Tengu growth]
  2637 | D:3      | Reached XP level 5. HP: 14/30 MP: 9/9
  2637 | D:3      | Reached XP level 6. HP: 16/35 MP: 10/10
  2863 | D:3      | Identified the +1 dagger of the Morning {vorpal, rN+ Will+
                  | Str+3}
  3469 | D:3      | 3469 ||| READING scroll labelled ZAOLA WAOLO.
  3470 | D:3      | 3470 ||| READING scroll labelled ESEESTR NEIGA.
  3471 | D:3      | 3471 ||| READING scroll labelled CUX TOARREE.
  3472 | D:3      | 3472 ||| READING scroll labelled USUKOI OLIU.
  3615 | D:3      | 3615 ||| DRINKING 2 glowing golden potions.
  3616 | D:3      | 3616 ||| READING 3 scrolls of identify.
  3616 | D:3      | 3616 ||| IDENTIFYING coppery potion
  3617 | D:3      | 3617 ||| READING 2 scrolls of identify.
  3617 | D:3      | 3617 ||| IDENTIFYING white potion
  3618 | D:3      | 3618 ||| DROPPING potion of brilliance.
  3619 | D:3      | 3619 ||| DROPPING potion of magic.
  3648 | D:4      | Noticed a black bear
  3657 | D:4      | Killed a black bear
  3717 | D:4      | 3717 ||| Stepping ~*~*~tactically~*~*~ (stealth).
  3927 | D:4      | 3927 ||| Stepping ~*~*~tactically~*~*~ (hiding).
  3929 | D:4      | 3929 ||| Stepping ~*~*~tactically~*~*~ (hiding).
  4098 | D:4      | Reached skill level 7 in Axes
  4098 | D:4      | Reached XP level 7. HP: 31/40 MP: 11/11
  4360 | D:4      | 4360 ||| Stepping ~*~*~tactically~*~*~ (stealth).
  4363 | D:4      | 4363 ||| Stepping ~*~*~tactically~*~*~ (stealth).
  4385 | D:4      | 4385 ||| Stepping ~*~*~tactically~*~*~ (stealth).
  4387 | D:4      | 4387 ||| Stepping ~*~*~tactically~*~*~ (hiding).
  4418 | D:4      | 4418 ||| Stepping ~*~*~tactically~*~*~ (stealth).
  4672 | D:4      | 4672 ||| UPGRADING to +0 cloak.
  4677 | D:4      | 4677 ||| READING scroll labelled JEGRASHR MEIGA.
  4678 | D:4      | 4678 ||| READING scroll labelled XAUNOOSTR XIEHA.
  4679 | D:4      | 4679 ||| DRINKING 2 cyan potions.
  4680 | D:4      | 4680 ||| READING 3 scrolls of identify.
  4680 | D:4      | 4680 ||| IDENTIFYING fizzy brown potion
  4681 | D:4      | 4681 ||| READING 2 scrolls of identify.
  4681 | D:4      | 4681 ||| IDENTIFYING sedimented orange potion
  4682 | D:4      | 4682 ||| DROPPING potion of invisibility.
  4708 | D:5      | Entered Level 5 of the Dungeon
  4709 | D:5      | 4709 ||| Stepping ~*~*~tactically~*~*~ (hiding).
  4711 | D:5      | 4711 ||| Stepping ~*~*~tactically~*~*~ (stealth).
  4721 | D:5      | Reached skill level 3 in Fighting
  4792 | D:5      | 4792 ||| Stepping ~*~*~tactically~*~*~ (stealth).
  4920 | D:5      | 4920 ||| Stepping ~*~*~tactically~*~*~ (stealth).
  4921 | D:5      | 4921 ||| Stepping ~*~*~tactically~*~*~ (stealth).
  4928 | D:5      | 4928 ||| Stepping ~*~*~tactically~*~*~ (hiding).
  4944 | D:5      | Reached skill level 8 in Axes
  4944 | D:5      | Reached XP level 8. HP: 13/46 MP: 12/12
  5054 | D:5      | 5054 ||| FLEEEEING.
  5055 | D:5      | 5055 ||| FLEEEEING.
  5056 | D:5      | 5056 ||| FLEEEEING.
  5057 | D:5      | 5057 ||| FLEEEEING.
  5058 | D:5      | 5058 ||| FLEEEEING.
  5059 | D:5      | 5059 ||| FLEEEEING.
  5060 | D:5      | 5060 ||| FLEEEEING.
  5061 | D:5      | 5061 ||| FLEEEEING.
  5062 | D:5      | 5062 ||| FLEEEEING.
  5063 | D:5      | 5063 ||| FLEEEEING.
  5064 | D:5      | 5064 ||| FLEEEEING.
  5065 | D:5      | 5065 ||| FLEEEEING.
  5067 | D:5      | 5067 ||| FLEEEEING.
  5068 | D:5      | 5068 ||| FLEEEEING.
  5069 | D:5      | 5069 ||| FLEEEEING.
  5070 | D:5      | 5070 ||| FLEEEEING.
  5071 | D:5      | 5071 ||| FLEEEEING.
  5079 | D:5      | 5079 ||| FLEEEEING.
  5080 | D:5      | 5080 ||| FLEEEEING.
  5081 | D:5      | 5081 ||| FLEEEEING.
  5082 | D:5      | 5082 ||| STAIRDANCE
  5166 | D:5      | 5166 ||| STAIRDANCE
  5172 | D:4      | 5172 ||| UPGRADING to +6 ring of dexterity.
  5176 | D:5      | 5176 ||| STAIRDANCE
  5270 | D:5      | 5270 ||| Stepping ~*~*~tactically~*~*~ (stealth).
  5271 | D:5      | 5271 ||| Stepping ~*~*~tactically~*~*~ (stealth).
  5273 | D:5      | 5273 ||| Stepping ~*~*~tactically~*~*~ (stealth).
  5280 | D:5      | Reached skill level 9 in Axes
  5321 | D:5      | Found a staircase to the Ecumenical Temple.
  5322 | D:5      | 5322 ||| PLANNING TEMPLE
  5329 | Temple   | Entered the Ecumenical Temple
  5336 | Temple   | Became a worshipper of Warmaster Okawaru
  5337 | Temple   | 5337 ||| Stepping randomly (stuck).
  5338 | Temple   | 5338 ||| PLANNING D:1-11
  5369 | D:5      | 5369 ||| Stepping ~*~*~tactically~*~*~ (hiding).
  5681 | D:5      | Found a runed translucent door.
  5682 | D:5      | Noticed Crazy Yiuf
  5829 | D:5      | 5829 ||| READING scroll of teleportation.
  5925 | D:6      | 5925 ||| STAIRDANCE
  5931 | D:5      | Reached skill level 10 in Axes
  6129 | D:6      | 6129 ||| STAIRDANCE
  6133 | D:5      | Reached * piety under Okawaru
  6134 | D:5      | 6134 ||| INVOKING Heroism.
  6138 | D:5      | Reached skill level 1 in Invocations
  6363 | D:6      | 6363 ||| STAIRDANCE
  6365 | D:5      | 6365 ||| INVOKING Heroism.
  6366 | D:5      | 6366 ||| INVOKING Heroism.
  6366 | D:5      | HP: 7/48 [ice beast (7)]
  6367 | D:5      | 6367 ||| DRINKING potion of heal wounds.
  6374 | D:5      | Reached skill level 3 in Dodging
  6374 | D:5      | Reached XP level 9. HP: 27/52 MP: 10/13
  6601 | D:6      | 6601 ||| STAIRDANCE
  6687 | D:6      | 6687 ||| INVOKING Heroism.
  6703 | D:6      | 6703 ||| FLEEEEING.
  6704 | D:6      | 6704 ||| FLEEEEING.
  6705 | D:6      | 6705 ||| FLEEEEING.
  6706 | D:6      | 6706 ||| STAIRDANCE
  6710 | D:5      | HP: 12/52 [poisoned by a kobold brigand]
  6715 | D:5      | HP: 8/52 [poisoned by a kobold brigand]
  7060 | D:6      | 7060 ||| STAIRDANCE
  7149 | D:6      | 7149 ||| STAIRDANCE
  7235 | D:6      | 7235 ||| STAIRDANCE
  7303 | D:5      | 7303 ||| UPGRADING to ring of positive energy.
  7355 | D:6      | 7355 ||| DROPPING +0 mace.
  7481 | D:6      | Found a broken altar of Ashenzari.
  7485 | D:6      | Saw a vision of the Shoals and the Spider Nest.
  7485 | D:6      | Noticed a merfolk
  7485 | D:6      | Noticed a demonic crawler
  7485 | D:6      | Noticed a pharaoh ant
  7485 | D:6      | Noticed a manticore
  7485 | D:6      | Noticed a radroach
  7485 | D:6      | Noticed a merfolk
  7485 | D:6      | Noticed a pharaoh ant
  7485 | D:6      | Noticed a sea snake
  7485 | D:6      | Noticed a merfolk siren
  7485 | D:6      | Noticed a merfolk impaler
  7485 | D:6      | Noticed a spark wasp
  7485 | D:6      | Noticed a steelbarb worm
  7485 | D:6      | Noticed a merfolk
  7485 | D:6      | Noticed an entropy weaver
  7485 | D:6      | Noticed a torpor snail
  7485 | D:6      | Noticed a merfolk
  7485 | D:6      | Noticed a manticore
  7485 | D:6      | Noticed a merfolk
  7486 | D:6      | Noticed a water nymph
  7486 | D:6      | Noticed a merfolk
  7511 | D:6      | Found a shimmering blue altar of Sif Muna.
  7528 | D:6      | 7528 ||| Stepping ~*~*~tactically~*~*~ (hiding).
  7742 | D:6      | Found a sacrificial altar of Ru.
  7744 | D:6      | 7744 ||| READING scroll labelled FOERYF XANANAP.
  7745 | D:6      | 7745 ||| READING scroll labelled SUILUM PERETA.
  7746 | D:6      | 7746 ||| Stepping randomly (stuck).
  7747 | D:6      | 7747 ||| Stepping ~*~*~tactically~*~*~ (cloud).
  7910 | D:7      | Reached skill level 3 in Invocations
  7954 | D:7      | 7954 ||| Stepping ~*~*~tactically~*~*~ (stealth).
  8117 | D:7      | Found a hide-covered altar of Uskayaw.
  8151 | D:7      | 8151 ||| Stepping randomly (stuck).
  8152 | D:7      | 8152 ||| Stepping randomly (stuck).
  8153 | D:7      | 8153 ||| Stepping randomly (stuck).
  8154 | D:7      | 8154 ||| Stepping randomly (stuck).
  8155 | D:7      | 8155 ||| Stepping randomly (stuck).
  8156 | D:7      | 8156 ||| Stepping randomly (stuck).
  8157 | D:7      | 8157 ||| Stepping randomly (stuck).
  8158 | D:7      | 8158 ||| Stepping randomly (stuck).
  8163 | D:7      | 8163 ||| INVOKING Heroism.
  8921 | D:7      | 8921 ||| UPGRADING to ring of protection from cold.
  8923 | D:7      | 8923 ||| UPGRADING to +6 ring of dexterity.
  8961 | D:8      | 8961 ||| INVOKING Heroism.
  8997 | D:8      | 8997 ||| READING scroll of enchant weapon.
  8997 | D:8      | 8997 ||| ENCHANTING +2 hand axe of electrocution.
  9019 | D:8      | 9019 ||| Stepping ~*~*~tactically~*~*~ (stealth).
  9020 | D:8      | 9020 ||| Stepping ~*~*~tactically~*~*~ (stealth).
  9030 | D:8      | 9030 ||| FLEEEEING.
  9031 | D:8      | 9031 ||| FLEEEEING.
  9032 | D:8      | 9032 ||| FLEEEEING.
  9033 | D:8      | 9033 ||| FLEEEEING.
  9034 | D:8      | 9034 ||| FLEEEEING.
  9035 | D:8      | 9035 ||| FLEEEEING.
  9036 | D:8      | 9036 ||| FLEEEEING.
  9037 | D:8      | 9037 ||| FLEEEEING.
  9038 | D:8      | 9038 ||| FLEEEEING.
  9039 | D:8      | 9039 ||| FLEEEEING.
  9040 | D:8      | 9040 ||| FLEEEEING.
  9041 | D:8      | 9041 ||| FLEEEEING.
  9042 | D:8      | 9042 ||| FLEEEEING.
  9043 | D:8      | 9043 ||| FLEEEEING.
  9044 | D:8      | 9044 ||| FLEEEEING.
  9045 | D:8      | 9045 ||| FLEEEEING.
  9046 | D:8      | 9046 ||| FLEEEEING.
  9047 | D:8      | 9047 ||| FLEEEEING.
  9050 | D:8      | 9050 ||| STAIRDANCE
  9138 | D:8      | 9138 ||| INVOKING Heroism.
  9171 | D:8      | 9171 ||| READING scroll of enchant weapon.
  9171 | D:8      | 9171 ||| ENCHANTING +3 hand axe of electrocution.
  9181 | D:8      | Reached skill level 11 in Axes
  9201 | D:8      | Reached ** piety under Okawaru
  9231 | D:8      | 9231 ||| READING scroll of enchant weapon.
  9231 | D:8      | 9231 ||| ENCHANTING +4 hand axe of electrocution.
  9300 | D:8      | Reached skill level 6 in Armour
  9305 | D:8      | Reached XP level 10. HP: 47/59 MP: 14/14
  9607 | D:8      | Noticed Erica
  9608 | D:8      | 9608 ||| INVOKING Heroism.
  9618 | D:8      | Killed Erica
  9619 | D:8      | Reached skill level 12 in Axes
  9894 | D:8      | 9894 ||| READING scroll labelled CECLUPH HAARY.
  9914 | D:9      | 9914 ||| INVOKING Heroism.
  9923 | D:9      | HP: 14/59 [yak (12)]
  9924 | D:9      | 9924 ||| READING scroll of teleportation.
  9924 | D:9      | HP: 5/59 [yak (9)]
  9925 | D:9      | 9925 ||| DRINKING potion of heal wounds.
 10135 | D:9      | 10135 ||| INVOKING Heroism.
 10244 | D:9      | 10244 ||| READING scroll of enchant weapon.
 10244 | D:9      | 10244 ||| ENCHANTING +5 hand axe of electrocution.
 10275 | D:9      | Reached *** piety under Okawaru
 10276 | D:9      | Reached skill level 6 in Fighting
 10344 | D:9      | Paralysed by a hornet for 3 turns
 10349 | D:9      | 10349 ||| INVOKING Heroism.
 10349 | D:9      | Paralysed by a hornet for 2 turns
 10355 | D:9      | HP: 13/60 [poisoned by a hornet]
 10360 | D:9      | HP: 8/60 [poisoned by a hornet]
 10634 | D:9      | 10634 ||| INVOKING Heroism.
 10659 | D:9      | 10659 ||| FLEEEEING.
 10660 | D:9      | 10660 ||| FLEEEEING.
 10661 | D:9      | 10661 ||| FLEEEEING.
 10662 | D:9      | 10662 ||| FLEEEEING.
 10663 | D:9      | 10663 ||| FLEEEEING.
 10664 | D:9      | 10664 ||| FLEEEEING.
 10668 | D:9      | 10668 ||| FLEEEEING.
 10669 | D:9      | 10669 ||| FLEEEEING.
 10670 | D:9      | 10670 ||| FLEEEEING.
 10671 | D:9      | 10671 ||| FLEEEEING.
 10672 | D:9      | 10672 ||| FLEEEEING.
 10673 | D:9      | 10673 ||| FLEEEEING.
 10674 | D:9      | 10674 ||| FLEEEEING.
 10675 | D:9      | 10675 ||| FLEEEEING.
 10676 | D:9      | 10676 ||| FLEEEEING.
 10677 | D:9      | 10677 ||| FLEEEEING.
 10678 | D:9      | 10678 ||| FLEEEEING.
 10679 | D:9      | 10679 ||| FLEEEEING.
 10680 | D:9      | 10680 ||| STAIRDANCE
 10737 | D:8      | 10737 ||| UPGRADING to ring of see invisible.
 10739 | D:8      | 10739 ||| UPGRADING to ring of protection from cold.
 10745 | D:9      | 10745 ||| STAIRDANCE
 10842 | D:9      | 10842 ||| DROPPING +0 flail.
 10908 | D:9      | Noticed a two-headed ogre
 10909 | D:9      | 10909 ||| INVOKING Heroism.
 10918 | D:9      | Killed a two-headed ogre
 10919 | D:9      | Reached skill level 13 in Axes
 11051 | D:9      | 11051 ||| Stepping ~*~*~tactically~*~*~ (stealth).
 11060 | D:9      | 11060 ||| Stepping ~*~*~tactically~*~*~ (stealth).
 11130 | D:9      | 11130 ||| DROPPING +0 morningstar.
 11276 | D:9      | Reached XP level 11. HP: 51/64 MP: 15/15
 11395 | D:10     | Entered Level 10 of the Dungeon
 11396 | D:10     | 11396 ||| INVOKING Heroism.
 11492 | D:10     | Reached skill level 14 in Axes
 11535 | D:10     | 11535 ||| INVOKING Heroism.
 11544 | D:10     | Reached **** piety under Okawaru
 11716 | D:10     | 11716 ||| DRINKING 7 potions of curing.
 11716 | D:10     | 11716 ||| (to cure confusion)
 11768 | D:10     | Noticed Grum
 11769 | D:10     | 11769 ||| INVOKING Heroism.
 11772 | D:10     | 11772 ||| Stepping ~*~*~tactically~*~*~ (hiding).
 11784 | D:10     | Killed Grum
 11798 | D:10     | 11798 ||| INVOKING Heroism.
 11801 | D:10     | HP: 9/67 [orc priest/divine providence (13)]
 12089 | D:10     | 12089 ||| READING scroll of brand weapon.
 12089 | D:10     | 12089 ||| BRANDING +6 hand axe of electrocution.
 12090 | D:10     | 12090 ||| DROPPING +3 morningstar of freezing.
 12099 | D:10     | 12099 ||| Stepping ~*~*~tactically~*~*~ (hiding).
 12104 | D:10     | Noticed Maggie
 12107 | D:10     | 12107 ||| Stepping ~*~*~tactically~*~*~ (hiding).
 12109 | D:10     | 12109 ||| Stepping ~*~*~tactically~*~*~ (stealth).
 12118 | D:10     | 12118 ||| INVOKING Heroism.
 12121 | D:10     | Killed Maggie
 12308 | D:10     | Identified the +0 robe of the Equator {+Blink}
 12310 | D:10     | Noticed an oklob plant
 12310 | D:10     | Noticed an oklob plant
 12311 | D:10     | 12311 ||| INVOKING Heroism.
 12314 | D:10     | Found a staircase to the Lair.
 12329 | D:10     | Killed an oklob plant
 12331 | D:10     | HP: 16/67 [oklob plant/splash of acid (13)]
 12332 | D:10     | 12332 ||| DRINKING 2 potions of cancellation.
 12334 | D:10     | Killed from afar by an oklob plant

Levels and vault maps discovered:
D:1:      dpeg_arrival_three_bigger_balls, layout_loops_cross,
          minmay_misc_feat_rugged, reono_crystal_passage, minivault_25,
          minivault_27, minmay_rat_gold_closets
D:2:      layout_basic, hellmonk_ecumenical_altar_run_dry, serial_shops, shop
D:3:      layout_loops_ring, uniq_sigmund
D:4:      layout_loops_ring, nicolae_eternal_life
D:5:      layout_cave_pools, minmay_temple_entry_junction, grunt_tough_drop,
          uniq_crazy_yiuf_cottage
D:6:      layout_rooms, nicolae_sif_muna_condensation, grunt_ashenzari_visionary
          [grunt_ashenzari_visionary_shoals, grunt_ashenzari_visionary_spider],
          nicolae_ru_path_of_blood, hellmonk_bongcloud_opening
D:7:      layout_basic, amcnicky_altar_gilded, minivault_23
D:8:      layout_basic, uniq_erica
D:9:      layout_long_grid
D:10:     layout_long_grid, dpeg_oklobed_lair, erik_orc_3, uniq_lodul,
          uniq_maggie, uniq_grum
Temple:   nicolae_temple_no_exploring_needed

Skill      XL: |  1  2  3  4  5  6  7  8  9 10 11 |
---------------+----------------------------------+-----
Axes           | 3 4 6 7 8 10 11 13 14 | 14.1
Armour         | 2 4 5 6 7 |  7.6
Fighting       | 3 4 5 6 7 |  7.0
Invocations    | 1 4 |  4.8
Dodging        | 3 4 |  4.0
Throwing       | |  1.0
Spellcasting   | |  2.0
Translocations | |  2.4

Action                   |  1- 3 |  4- 6 |  7- 9 | 10-12 || total
-------------------------+-------+-------+-------+-------++-------
Melee: Hand axe          |   112 |    73 |   216 |   171 ||   572
       Peck              |    17 |    13 |    45 |    34 ||   109
       Kick              |    18 |    20 |    58 |    52 ||   148
       Punch             |       |       |     3 |     2 ||     5
Throw: Boomerang         |    13 |    30 |    43 |       ||    86
Invok: Heroism           |       |       |     6 |    12 ||    18
  Use: Scroll            |     3 |     9 |    10 |     4 ||    26
       Potion            |     1 |     1 |     2 |     3 ||     7
Armor: Leather armour    |    23 |       |       |       ||    23
       Plate armour      |    15 |    46 |   134 |    82 ||   277
Dodge: Dodged            |    38 |    17 |    73 |    64 ||   192

Table legend:
 A = Non-vault XP
 B = Vault XP
 C = Vault XP percentage of total XP
 D = Non-vault monster count
 E = Vault monster count
 F = Vault count percentage of total count
                 A         B        C        D         E       F
            +---------+---------+-------+---------+---------+-------
      Total |    9071 |    3015 |  24.9 |     199 |      23 |  10.4
            +---------+---------+-------+---------+---------+-------
        D:1 |      45 |       8 |  15.1 |      29 |       8 |  21.6
        D:2 |      43 |       0 |   0.0 |      22 |       0 |   0.0
        D:3 |      77 |     226 |  74.6 |      18 |       1 |   5.3
        D:4 |     350 |       0 |   0.0 |      18 |       0 |   0.0
        D:5 |    1631 |     349 |  17.6 |      37 |       6 |  14.0
        D:6 |     402 |       0 |   0.0 |       7 |       0 |   0.0
        D:7 |     393 |       0 |   0.0 |      11 |       0 |   0.0
        D:8 |    1411 |     831 |  37.1 |      17 |       1 |   5.6
        D:9 |    3509 |       0 |   0.0 |      24 |       0 |   0.0
       D:10 |    1210 |    1601 |  57.0 |      16 |       7 |  30.4
            +---------+---------+-------+---------+---------+-------
